 Dungeon Crawl Stone Soup version 0.26-a0-639-g72c4674 (webtiles) character file.

Game seed: 2351582444928114469

36 royokou the Ogre Mage (level 3, 0/31 HPs)
             Began as an Ogre Hedge Wizard on Sept 18, 2020.
             Slain by an adder (3 damage)
             ... on level 1 of the Dungeon.
             The game lasted 00:06:10 (1784 turns).

royokou the Ogre Mage (Ogre Hedge Wizard)           Turns: 1784, Time: 00:06:11

Health: 0/31       AC:  3    Str: 14    XL:     3   Next: 37%
Magic:  0/8        EV: 10    Int: 16    God:
Gold:   146        SH:  0    Dex:  8    Spells: 4/9 levels left

rFire    . . .     SeeInvis .   a - +0 dagger
rCold    . . .     Faith    .   (no shield)
rNeg     . . .     Spirit   .   b - +0 robe
rPois    .         Reflect  .   c - +0 hat
rElec    .         Harm     .   (no cloak)
rCorr    .         Rampage  .   (gloves unavailable)
MR       .....                  (boots unavailable)
Stlth    +.........             (no amulet)
HPRegen  0.10/turn              (no ring)
MPRegen  0.11/turn              (no ring)

@: lethally poisoned (0 -> -9)
A: large, unfitting armour, tough skin 1
a: no special abilities


You were on level 1 of the Dungeon.
You visited 1 branch of the dungeon, and saw 2 of its levels.

You collected 146 gold pieces.

Inventory:

Hand Weapons
 a - a +0 dagger (weapon)
Armour
 b - a +0 robe (worn)
 c - a +0 hat (worn)
Scrolls
 g - 2 scrolls of teleportation {unknown}
 h - a scroll of remove curse {unknown}
Potions
 d - a potion of heal wounds {unknown}
 e - a potion of brilliance {unknown}
 f - a potion of curing {unknown}
 i - a potion of flight {unknown}


   Skills:
 - Level 1.7 Dodging
 - Level 1.4 Stealth
 - Level 3.6 Spellcasting
 + Level 2.6 Conjurations
 + Level 1.1 Summonings
 + Level 1.1 Translocations


You had 4 spell levels left.
You knew the following spells:

 Your Spells              Type           Power        Failure   Level
a - Magic Dart            Conj           ##..         6%          1
b - Blink                 Tloc           N/A          17%         2
c - Call Imp              Summ           #.......     17%         2

Your spell library contained the following spells:

 Spells                   Type           Power        Failure   Level
 Slow                     Hex            #.......     26%         2
 Conjure Flame            Conj/Fire      #.......     30%         3
 Mephitic Cloud           Conj/Pois/Air  #.......     36%         3


Dungeon Overview and Level Annotations

Branches:
Dungeon (2/15)

Altars:


Innate Abilities, Weirdness & Mutations

You are too large for most types of armour.
You have tough skin. (AC +1)


Message History

The adder poisons you!
You barely miss the adder.
The adder is severely wounded.
You feel sick. The adder barely misses you.
You miss the adder.
The adder is severely wounded.
You feel sick. The adder barely misses you. The adder bites you.
You hit the adder.
The adder is almost dead.
* * * LOW HITPOINT WARNING * * *
You feel sick. The adder bites you.
* * * LOW HITPOINT WARNING * * *
You hit the adder.
The adder is almost dead.
The adder barely misses you.
You closely miss the adder.
The adder is almost dead.
* * * LOW HITPOINT WARNING * * *
You feel sick. The adder bites you.
You die...

.....# #.##...# .....###
#.###### .......# ######
#......# .......# #....#
#.###.## ####...# ###.##.#
########†# .# #...# #...##.#
#.....##.# .#
#..(####.####.###.###.##.#
.###........####.S.#.###.##.#
................@#..........#
.#.#......#.######.#####.####
##.#......#............#....#
#.#......#######...##.####.#
#.#......# #...##.####.#
#.#......# #....#......#
#.###'#### #...#########
#.##...# #......# ##.##...#
####).##.#


You could see an adder.

Vanquished Creatures
  A dart slug (D:2)
  2 giant cockroaches (D:1)
  5 goblins
  4 hobgoblins (D:1)
  7 jackals (D:1)
  3 kobolds (D:1)
  A bat (D:1)
  2 frilled lizards (D:1)
  6 rats (D:1)
31 creatures vanquished.

Notes
Turn   | Place    | Note
-------+----------+-------------------------------------------
     0 | D:1      | royokou the Ogre Hedge Wizard began the quest for the Orb.
     0 | D:1      | Reached XP level 1. HP: 16/16 MP: 5/5
     7 | D:1      | Reached skill level 1 in Conjurations
   300 | D:1      | Reached XP level 2. HP: 18/24 MP: 4/6
   809 | D:1      | Learned a level 2 spell: Blink
   812 | D:1      | Learned a level 2 spell: Call Imp
  1176 | D:1      | Reached XP level 3. HP: 31/31 MP: 5/8
  1261 | D:1      | Reached skill level 1 in Translocations
  1490 | D:1      | Reached skill level 1 in Summonings
  1784 | D:1      | Slain by an adder

Illustrated notes

Levels and vault maps discovered:
D:1:      sevenhm_arrival_forest_fort_small_5, layout_basic
D:2:      layout_basic, nemelex_diamond_rough_becter

Skill      XL: |  1  2  3 |
---------------+----------+-----
Conjurations   | 1 2 |  2.6
Translocations | 1 |  1.1
Summonings     | 1 |  1.1
Dodging        | |  1.7
Stealth        | |  1.4
Spellcasting   | |  3.6

Action                   || total
-------------------------++-------
Melee: Dagger            ||    88
 Cast: Magic Dart        ||    67
Armor: Robe              ||    30
Dodge: Dodged            ||    71

Table legend: (Time is in decaauts)
 A = Elapsed time spent in this place.
 B = Non-inter-level travel time spent in this place.
 C = Inter-level travel time spent in this place.
 D = Time resting spent in this place.
 E = Time spent auto-exploring this place.
 F = Levels seen in this place.
 G = Mean time per level.
                   A        B        C        D        E       F      G
               +--------+--------+--------+--------+--------+-----+--------+
         Total |   1787 |   1782 |      5 |    342 |   1175 |   2 |  893.5 |
       Dungeon |   1787 |   1782 |      5 |    342 |   1175 |   2 |  893.5 |
               +--------+--------+--------+--------+--------+-----+--------+

Top non-repeatable levels by time:
     D:1: 1747 daAuts
     D:2: 40 daAuts
